 Dungeon Crawl Stone Soup version 0.32-a0-132-g2d33c3cfaf (webtiles) character file.

Game seed: 17810857005236983901

639 BubbleThief the Cleaver (level 7, -10/64 HPs)
             Began as a Hill Orc Fighter on Feb 9, 2024.
             Was an Initiate of Fedhas.
             Mangled by Prince Ribbit (14 damage)
             ... on level 6 of the Dungeon.
             The game lasted 00:03:02 (2558 turns).

BubbleThief the Cleaver (Hill Orc Fighter)          Turns: 2558, Time: 00:03:03

Health: -10/64     AC:  6    Str: 21      XL:     7   Next: 51%
Magic:  7/7        EV:  9    Int:  8      God:    Fedhas [......]
Gold:   83         SH:  4    Dex:  9 (10) Spells: 6/6 levels left

rFire   . . .        a - +0 war axe
rCold   . . .        c - +0 buckler
rNeg    . . .        b - +0 scale mail
rPois   .            (no helmet)
rElec   .            (no cloak)
rCorr   .            (no gloves)
SInv    .            (no boots)
Will    .....        (no amulet) Stlth
                     (no ring)
HPRegen 0.30/turn    (no ring)
MPRegen 0.10/turn

%: no passive effects
@: no status effects
A: no striking features
a: Renounce Religion


You were on level 6 of the Dungeon.
You worshipped Fedhas.
Fedhas was noncommittal.
You visited 1 branch of the dungeon, and saw 5 of its levels.

You collected 83 gold pieces.

Inventory:

Hand Weapons
 a - a +0 war axe (weapon)
Armour
 b - a +0 scale mail (worn)
 c - a +0 buckler (worn)
 t - a +0 crystal plate armour
Jewellery
 i - a +6 ring of intelligence
 l - a ring of ice
 o - a +4 ring of protection
 q - a +5 ring of evasion
Scrolls
 g - 2 scrolls of amnesia {unknown}
 h - a scroll of poison {unknown}
 j - 6 scrolls of identify {unknown}
 m - a scroll of enchant weapon {unknown}
 n - a scroll of immolation {unknown}
 p - a scroll of enchant armour {unknown}
 r - a scroll of revelation {unknown}
Potions
 d - 2 potions of might
 e - a potion of cancellation {unknown}
 f - a potion of attraction {unknown}
 k - 3 potions of lignification {unknown}
 s - a potion of enlightenment {unknown}


   Skills:
 + Level 6.6 Fighting
 * Level 8.8 Axes
 - Level 3.2 Armour
 - Level 3.2 Shields


You had 6 spell levels left.
You didn't know any spells.
Your spell library contained the following spells:

 Spells                   Type           Power      Damage    Failure   Level
 Summon Small Mammal      Summ           0%         N/A       82%         1
 Call Canine Familiar     Summ           0%         N/A       99%         3
 Summon Blazeheart Golem  Fire/Summ      0%         N/A       100%        4


Dungeon Overview and Level Annotations

Branches:
Dungeon (6/15)             Temple (0/1) D:5

Altars:
Fedhas
Makhleb
Xom

Annotations:
D:6 Prince Ribbit


Message History

The orc wizard hits you with a +0 dagger.
* * * LOW HITPOINT WARNING * * *
You climb downwards.
The shadow imp shouts!
The white imp shouts!
Something shouts, "Crawl home, thou mangled motley-minded beggar!"
Found a fizzy cyan potion.
There is a stone staircase leading up here.
Unknown command.
Unknown command.
You slash the orc wizard!
You kill the orc wizard!
Fedhas appreciates your contribution to the ecosystem.
You closely miss the orc wizard. You hit the orc.
You kill the orc!
Fedhas appreciates your contribution to the ecosystem.
Prince Ribbit blinks!
The orc wizard mumbles some strange words.
The orc wizard flickers and vanishes!
Deactivating autopickup; reactivate with Ctrl-A.
A white imp comes into view.
Unknown command.
You miss something. Something hits you but does no damage.
Unknown command.
You closely miss Prince Ribbit. You closely miss something.
Prince Ribbit closely misses you.
You hear some strange, mumbled words.
A puff of flame appears from out of thin air!
The puff of flame hits you.
* * * LOW HITPOINT WARNING * * *
A shadow comes into view.
An ufetubus comes into view.
Unknown command.
The ufetubus shouts!
You hit Prince Ribbit.
Prince Ribbit is lightly wounded.
You closely miss something. You block Prince Ribbit's attack.
The shadow slips into darkness.
The shadow flickers and vanishes!
Something hits you but does no damage. Prince Ribbit hits you!
You die...
Fedhas appreciates your contribution to the ecosystem.

.. ### P..
... +..
.5.
....#..
#~{
!..♣P.##.5
##♣⌠.....5
.....P...
.....⌠F)#
#{@# #).#
....+
P≈≈P..#
#P§≈..##
...P...
...##..
... #.#


You could see Prince Ribbit, a white imp, a shadow imp and an ufetubus.

Vanquished Creatures
  Eustachio (D:5)
  A sky beast (D:5)
  2 centaurs (D:5)
  A scorpion (D:4)
  2 hounds (D:5)
  An iguana (D:4)
  An orc wizard (D:6)
  4 gnolls
  4 adders
  A dart slug (D:1)
  5 orcs
  4 ball pythons
  3 endoplasms (D:1)
  2 giant cockroaches (D:4)
  A goblin (D:4)
  2 jackals (D:4)
  4 quokkas
  A bat (D:1)
  11 frilled lizards
  4 kobolds
55 creatures vanquished.

Vanquished Creatures (others)
  2 black bears (D:5)
  A scorpion (D:5)
  A howler monkey (D:5)
  2 hounds (D:5)
  A jelly (D:5)
  A gnoll (D:5)
  An ufetubus (D:5)
  A dart slug (D:5)
  A quokka (D:5)
11 creatures vanquished.

Grand Total: 66 creatures vanquished

Notes
Turn   | Place    | Note
-------+----------+-------------------------------------------
     0 | D:1      | BubbleThief the Hill Orc Fighter began the quest for the
                  | Orb.
     0 | D:1      | Reached XP level 1. HP: 19/19 MP: 1/1
   446 | D:1      | Reached skill level 3 in Axes
   491 | D:1      | Reached XP level 2. HP: 27/27 MP: 2/2
   506 | D:1      | Reached skill level 4 in Axes
   506 | D:1      | Reached XP level 3. HP: 22/33 MP: 3/3
  1053 | D:2      | You fall into a shaft and drop 2 floors!
  1129 | D:4      | Reached XP level 4. HP: 27/41 MP: 4/4
  1134 | D:4      | Reached skill level 5 in Axes
  1607 | D:4      | Noticed a scorpion
  1640 | D:4      | Killed a scorpion
  1641 | D:4      | Reached skill level 5 in Fighting
  1641 | D:4      | Reached XP level 5. HP: 35/48 MP: 5/5
  1757 | D:4      | Reached skill level 6 in Axes
  2033 | D:4      | Found a blossoming altar of Fedhas.
  2215 | D:4      | Became a worshipper of Fedhas Madash
  2243 | D:5      | Entered Level 5 of the Dungeon
  2251 | D:5      | Noticed a centaur
  2265 | D:5      | Killed a centaur
  2266 | D:5      | Reached skill level 7 in Axes
  2266 | D:5      | Reached XP level 6. HP: 34/56 MP: 6/6
  2354 | D:5      | Found a burning altar of Makhleb.
  2461 | D:5      | Noticed an ice beast
  2461 | D:5      | Noticed a black bear
  2462 | D:5      | Found a shimmering altar of Xom.
  2467 | D:5      | Noticed a sky beast
  2469 | D:5      | Noticed a black bear
  2479 | D:5      | Killed a black bear
  2488 | D:5      | Killed a black bear
  2499 | D:5      | Killed a sky beast
  2515 | D:5      | Noticed Eustachio
  2528 | D:5      | Reached skill level 8 in Axes
  2528 | D:5      | Reached XP level 7. HP: 29/63 MP: 7/7
  2531 | D:5      | Killed Eustachio
  2552 | D:5      | Found a staircase to the Ecumenical Temple.
  2554 | D:6      | Noticed Prince Ribbit
  2557 | D:6      | Noticed a shadow
  2558 | D:6      | Mangled by Prince Ribbit

Illustrated notes

Levels and vault maps discovered:
D:1:      sevenhm_arrival_forest_fort_large_2, layout_loops_corners,
          serial_bayou, serial_bayou_lagoon_a, serial_bayou_ford_a,
          serial_bayou_shore_b, serial_bayou_pond_e, minmay_three_crescents
D:2:      layout_loops_ring, uniq_crazy_yiuf_cottage, uniq_sigmund
D:4:      layout_loops_corners, fedhas_altar_3, corexii_shack, nrook_campfire,
          minmay_lizard_king
D:5:      layout_basic, makhleb_heckhound_becter, xom_confusion_cloud,
          temple_statues, uniq_eustachio, uniq_edmund
D:6:      layout_gridville, ebering_ghost_xom, serial_demonic, serial_demonic_f,
          serial_demonic_b, serial_demonic_e, serial_demonic_g, serial_shops,
          nicolae_shop_tiny_waterfront, nicolae_shop_gaudy_bauble,
          nicolae_shop_just_a_little_nook, nicolae_diamond_shop,
          minmay_ogre_servants, uniq_prince_ribbit1, uniq_pikel

Skill      XL: |  1  2  3  4  5  6 |
---------------+-------------------+-----
Axes           | 3 4 5 7 8 |  8.8
Fighting       | 4 5 6 |  6.6
Armour         | |  3.2
Shields        | |  3.2

Action                     |  1- 3 |  4- 6 |  7- 9 || total
---------------------------+-------+-------+-------++-------
  Melee: War axe           |    44 |   123 |    14 ||   181
 Armour: Scale mail        |    37 |   112 |    21 ||   170
  Dodge: Dodged            |    31 |    76 |    10 ||   117
  Block: Buckler           |     9 |    37 |     4 ||    50

Table legend: (Time is in decaauts)
 A = Elapsed time spent in this place.
 B = Non-inter-level travel time spent in this place.
 C = Inter-level travel time spent in this place.
 D = Time resting spent in this place.
 E = Time spent auto-exploring this place.
 F = Levels seen in this place.
 G = Mean time per level.
                   A        B        C        D        E       F      G
               +--------+--------+--------+--------+--------+-----+--------+
         Total |   2621 |   2544 |     77 |      2 |   2077 |   5 |  524.2 |
       Dungeon |   2621 |   2544 |     77 |      2 |   2077 |   5 |  524.2 |
               +--------+--------+--------+--------+--------+-----+--------+

Top non-repeatable levels by time:
     D:4: 1215 daAuts
     D:1: 1007 daAuts
     D:5: 316 daAuts
     D:2: 77 daAuts
     D:6: 4 daAuts
